 Dungeon Crawl Stone Soup version 0.28.0-45-g0d030f2227 (webtiles) character file.

Game seed: 9482103013049027624

13374 MisterFreud the Martial Artist (level 11, -6/116 HPs)
             Began as a Red Draconian Transmuter on May 17, 2022.
             Was an Initiate of Gozag.
             Constricted to death by Jorgrun (19 damage)
             ... on level 12 of the Dungeon.
             The game lasted 00:21:53 (12401 turns).

MisterFreud the Martial Artist (DrTm)              Turns: 12401, Time: 00:21:54

Health: -6/116     AC: 11    Str: 16    XL:     11   Next: 74%
Magic:  15/17      EV:  9    Int: 22    God:    Gozag
Gold:   373        SH:  0    Dex: 13    Spells: 9/18 levels left

rFire   . . .      SeeInvis .     - Unarmed
rCold   + + .      Faith    .   (shield currently unavailable)
rNeg    . . .      Spirit   .   (armour unavailable)
rPois   +          Reflect  .   (helmet currently unavailable)
rElec   .          Harm     .   (cloak currently unavailable)
rCorr   .          Rampage  .   (gloves currently unavailable)
Will    .....                   (boots currently unavailable)
Stlth   +.........              a - amulet of regeneration
HPRegen 1.09/turn               E - +4 ring of protection
MPRegen 0.15/turn               w - ring of Intercession {Fire rPois Str+4 Int+5}

@: mighty, ice-form, grasped by roots, constricted
A: freezing attack, amphibious, boosted hp, (breathe fire), AC +7, large,
unfitting armour, (fire resistance 1), (cold-blooded), subdued magic 1
a: End Transformation, Renounce Religion, Potion Petition, Call Merchant, Bribe
Branch


You were on level 12 of the Dungeon.
You worshipped Gozag.
Gozag was aware of your devotion.
You were a creature of crystalline ice.
You visited 3 branches of the dungeon, and saw 15 of its levels.
You also visited: Sewer.

You collected 938 gold pieces.
You spent 346 gold pieces at shops.
You paid 219 gold pieces to Gozag.

Inventory:

Hand Weapons
 m - the +9 mace of the Known World {elec, rPois}
   (You found it on level 3 of the Dungeon)

   It occasionally discharges a powerful burst of electricity upon striking a
   foe.
   rPois:     It protects you from poison.
Missiles
 e - 11 poisoned darts
 l - 5 javelins
 y - 3 throwing nets
 D - 2 boomerangs
 F - 6 atropa-tipped darts
Jewellery
 a - an amulet of regeneration (around neck)
 v - a ring of see invisible
 w - the ring of Intercession (right front paw) {Fire rPois Str+4 Int+5}
   (You bought it in a shop on level 4 of the Dungeon)

   [ring of fire]

   It enhances your fire magic.
   Str:       It affects your strength (+4).
   Int:       It affects your intelligence (+5).
   rF:        It protects you from fire.
   rC:        It makes you vulnerable to cold.
   rPois:     It protects you from poison.
 E - a +4 ring of protection (left front paw)
Wands
 h - a wand of digging (7)
 o - a wand of polymorph (5)
 x - a wand of iceblast (16)
 z - a wand of charming (4)
 A - a wand of paralysis (10)
Scrolls
 b - 3 scrolls of magic mapping
 c - 2 scrolls of immolation
 j - 2 scrolls of fear
 n - 2 scrolls of blinking
 p - 4 scrolls of fog
 C - a scroll of amnesia
 G - a scroll of teleportation
 I - a scroll of acquirement {unknown}
Potions
 d - 6 potions of curing
 g - 2 potions of haste
 i - 6 potions of brilliance
 k - a potion of resistance
 q - a potion of mutation
 r - a potion of magic
 s - 2 potions of heal wounds
 t - 3 potions of degeneration {unknown}
 u - a potion of flight
 B - a potion of ambrosia {unknown}
 H - a potion of lignification {unknown}


   Skills:
 + Level 9.5 Fighting
 + Level 7.4 Dodging
 + Level 11.0 Unarmed Combat
 - Level 4.0 Spellcasting
 + Level 9.2 Transmutations
 - Level 5.0 Evocations


You had 9 spell levels left.
You knew the following spells:

 Your Spells              Type           Power      Damage    Failure   Level
a - Ice Form              Ice/Tmut       19%        N/A       14%         4
b - Wereblood             Tmut           34%        N/A       1%          2
c - Spider Form           Tmut/Pois      19%        N/A       3%          3

Your spell library contained the following spells:

 Spells                   Type           Power      Damage    Failure   Level
 Beastly Appendage        Tmut           68%        N/A       1%          1
 Animate Skeleton         Necr           6%         N/A       9%          1
 Apportation              Tloc           6%         N/A       9%          1
 Summon Small Mammal      Summ           12%        N/A       9%          1
 Scorch                   Fire           10%        2d5       14%         2
 Stone Arrow              Conj/Erth      6%         3d7       28%         3
 Alistair's Intoxication  Tmut/Pois      12%        N/A       38%         5
 Flame Wave               Conj/Fire      5%         2d5       69%         4
 Summon Cactus Giant      Summ           1%         N/A       100%        6
 Lehudib's Crystal Spear  Conj/Erth      1%         10d2      100%        8
 Animate Armour           Summ/Erth      Unusable   N/A       N/A         4

Dungeon Overview and Level Annotations

Branches:
Dungeon (13/15)            Temple (1/1) D:6            Lair (1/6) D:11
    Orc (0/2) D:12          Sewer (visited)
 Vaults: D:13-14

Altars:
Cheibriados
Fedhas
Gozag
Makhleb
Nemelex Xobeh
Sif Muna
Uskayaw
Wu Jian

Shops:
D:2 *   D:4 *   D:6 (   D:8 ![   D:11 =   D:12 ?:=

Annotations:
D:5 3 runed translucent doors, Panino's ghost, weakling GnDe; diceflayer's ghost, amateur MiFi; psko's ghost, novice SpCj
D:12 Jorgrun


Innate Abilities, Weirdness & Mutations

You are a creature of crystalline ice.
You have a powerful freezing melee attack.
You are amphibious.
Your maximum health is increased.
Your armour is entirely melded.
You are incapable of wielding weapons or throwing items.
((You can breathe blasts of fire.))
((Your fiery red scales are hard. (AC +7)))
You cannot fit into any form of body armour.
((Your flesh is heat resistant. (rF+)))
((You are cold-blooded and may be slowed by cold attacks.))
Your spells are a little easier to cast, but a little less powerful.


Message History

You punch Jorgrun!
Jorgrun is heavily wounded.
Jorgrun hits you with a +0 vorpal quarterstaff!
You barely miss Jorgrun.
Jorgrun is heavily wounded.
Jorgrun hits you with a +0 vorpal quarterstaff.
You punch Jorgrun! You freeze Jorgrun.
Jorgrun is severely wounded.
Jorgrun hits you with a +0 vorpal quarterstaff!
* * * LOW HITPOINT WARNING * * *
x2 Unknown command.
Unknown command.
You feel much better.
Jorgrun hits you with a +0 vorpal quarterstaff.
You closely miss Jorgrun.
Jorgrun is heavily wounded.
You barely miss Jorgrun.
Jorgrun is heavily wounded.
Jorgrun hits you with a +0 vorpal quarterstaff.
You closely miss Jorgrun.
Jorgrun is heavily wounded.
Jorgrun hits you with a +0 vorpal quarterstaff!
* * * LOW HITPOINT WARNING * * *
x2 Unknown command.
You feel very mighty all of a sudden. Jorgrun misses you.
You pummel Jorgrun!! You freeze Jorgrun.
Jorgrun is almost dead.
Jorgrun casts a spell at you.
Roots burst forth from the earth!
The grasping roots grab you! The grasping roots constrict you.
* * * LOW HITPOINT WARNING * * *
You pummel Jorgrun!! You freeze Jorgrun.
Jorgrun is almost dead.
Jorgrun hits you with a +0 vorpal quarterstaff!
* * * LOW HITPOINT WARNING * * *
x2 The grasping roots constrict you!!
You die...
Your body crumbles into a pile of gold.

...g. .#### #+##
. #.. ..
####.####.#
####.....Yg.#
..####.....###
#.###...........
#.##<......#####
#.###.##.#..##.#
#......#...## .#
#..<.## .#
#.#..# .#
#.######.##.#


You could see Jorgrun.

Vanquished Creatures
  Harold (D:8)
  2 hydras
  2 two-headed ogres
  An ugly thing (D:13)
  A manticore (D:13)
  2 trolls (D:10)
  A blink frog (D:11)
  Sigmund (D:6)
  9 yaks
  A vampire (D:11)
  A wyvern (D:11)
  4 vampire mosquitoes (D:11)
  Edmund (D:4)
  2 water moccasins
  Duvessa (D:6)
  3 ice beasts
  2 black bears (D:5)
  4 orc warriors
  A sky beast (D:8)
  2 hornet zombies
  8 ogres
  2 centaurs
  5 phantoms
  A bullfrog (D:6)
  A kobold brigand (D:8)
  A wyvern zombie (D:6)
  2 scorpions
  2 water moccasin zombies (D:6)
  2 water moccasin skeletons
  2 troll zombies (D:12)
  Dowan (D:6)
  18 wights
  A howler monkey (D:7)
  5 bullfrog zombies
  6 centaur zombies
  A jelly (D:4)
  7 orc priests
  2 centaur skeletons
  A hound (D:7)
  4 bullfrog skeletons
  3 iguanas
  12 orc wizards
  Ijyb (D:4)
  3 killer bee zombies
  6 ogre zombies (D:12)
  A howler monkey zombie (D:9)
  A howler monkey skeleton (D:6)
  7 gnolls
  4 adders
  A white imp (D:8)
  An adder skeleton (D:4)
  3 worms
  A dart slug (D:4)
  33 orcs
  2 bats
  7 endoplasms
  5 giant cockroaches
  11 goblins
  9 hobgoblins
  2 quokkas
  4 ball pythons
  3 frilled lizards
  2 goblin skeletons (D:12)
  2 goblin zombies (D:12)
  A hobgoblin skeleton (D:12)
  3 hobgoblin zombies (D:12)
  14 kobolds
  An orc skeleton (D:12)
  16 orc zombies (D:12)
  9 rats
282 creatures vanquished.

Vanquished Creatures (others)
  A steam dragon (D:7)
  A plant (D:3)
  7 withered plants
9 creatures vanquished.

Grand Total: 291 creatures vanquished

Notes
Turn   | Place    | Note
-------+----------+-------------------------------------------
     0 | D:1      | MisterFreud the Draconian Transmuter began the quest for
                  | the Orb.
     0 | D:1      | Reached XP level 1. HP: 16/16 MP: 3/3
   260 | D:1      | Reached XP level 2. HP: 21/23 MP: 1/5
   517 | D:1      | Found a faded altar of an unknown god.
   765 | D:2      | Found Tysizok's Assorted Antiques.
   801 | D:2      | Bought a lumpy grey potion for 18 gold pieces
   911 | D:2      | Reached XP level 3. HP: 12/28 MP: 6/6
  1059 | D:2      | Found an ornate altar of the Wu Jian Council.
  1161 | D:3      | Found a glowing drain.
  1205 | Sewer    | Entered a sewer
  1238 | D:3      | Reached XP level 4. HP: 35/35 MP: 7/7
  1303 | D:3      | Learned a level 2 spell: Wereblood
  1307 | D:3      | Learned a level 3 spell: Spider Form
  1711 | D:3      | Identified the +9 mace of the Known World {elec, rPois}
  1878 | D:4      | Reached skill level 5 in Transmutations
  1913 | D:4      | Noticed Ijyb
  1972 | D:4      | Killed Ijyb
  1973 | D:4      | Reached XP level 5. HP: 24/41 MP: 8/8
  2564 | D:4      | Reached XP level 6. HP: 47/52 MP: 7/9
  2683 | D:4      | Noticed Edmund
  2699 | D:4      | Killed Edmund
  2700 | D:4      | Reached skill level 4 in Unarmed Combat
  2830 | D:4      | Reached skill level 5 in Unarmed Combat
  2861 | D:4      | Found Poit's Assorted Antiques.
  3177 | D:5      | Entered Level 5 of the Dungeon
  3253 | D:5      | Your scales start taking on a fiery red colour.
  3253 | D:5      | Reached XP level 7. HP: 59/59 MP: 6/10
  3253 | D:5      | Gained mutation: Your flesh is heat resistant. (rF+) [Red
                  | Draconian growth]
  3403 | D:5      | Reached skill level 6 in Unarmed Combat
  3538 | D:5      | Reached skill level 7 in Unarmed Combat
  3657 | D:5      | Found a runed translucent gate.
  3657 | D:5      | Found a runed translucent gate.
  3657 | D:5      | Found a runed translucent gate.
  3658 | D:5      | Noticed diceflayer's ghost (amateur MiFi)
  3659 | D:5      | Noticed psko's ghost (novice SpCj)
  3659 | D:5      | Noticed Panino's ghost (weakling GnDe)
  3686 | D:5      | Reached XP level 8. HP: 54/66 MP: 7/11
  3751 | D:5      | Reached skill level 8 in Unarmed Combat
  4320 | D:6      | Reached skill level 9 in Unarmed Combat
  4461 | D:6      | Noticed Sigmund
  4477 | D:6      | Killed Sigmund
  4596 | D:4      | Bought a heavily runed bone ring for 145 gold pieces
  4596 | D:4      | Identified the ring of Intercession {Fire rPois Str+4
                  | Int+5} (You bought it in a shop on level 4 of the Dungeon)
  4602 | D:4      | Learned a level 4 spell: Ice Form
  4846 | D:6      | Gained mutation: Your spells are a little easier to cast,
                  | but a little less powerful. [mutagenic glow]
  5023 | D:6      | Found Rof Qeri's Weapon Emporium.
  5027 | D:6      | Noticed Duvessa
  5027 | D:6      | Noticed Dowan
  5079 | D:7      | Reached skill level 10 in Unarmed Combat
  5169 | D:7      | Reached XP level 9. HP: 39/71 MP: 9/13
  5960 | D:7      | Found a snail-covered altar of Cheibriados.
  6265 | D:8      | Found Argus's Dragon-Slaying Spoils.
  6430 | D:8      | Noticed a two-headed ogre
  6437 | D:8      | Killed a two-headed ogre
  6438 | D:8      | Reached skill level 5 in Dodging
  6532 | D:8      | Found Zayrea's Distillery.
  6540 | D:8      | Bought a potion of heal wounds for 70 gold pieces
  6540 | D:8      | Bought a potion of flight for 42 gold pieces
  6597 | D:8      | Found a blossoming altar of Fedhas.
  6610 | D:8      | Noticed Harold
  6619 | D:8      | Killed Harold
  6620 | D:8      | Reached XP level 10. HP: 43/80 MP: 8/16
  6708 | D:8      | Reached skill level 5 in Fighting
  8226 | D:10     | Entered Level 10 of the Dungeon
  8348 | D:10     | Reached skill level 1 in Evocations
  8605 | D:10     | Reached skill level 5 in Evocations
  8622 | D:10     | Reached XP level 11. HP: 31/94 MP: 17/17
  9142 | D:11     | Noticed a five-headed hydra
  9151 | D:11     | Killed a five-headed hydra
  9207 | D:11     | Found Nieza's One-of-a-Kind Rings.
  9678 | D:6      | Found a staircase to the Ecumenical Temple.
  9784 | Temple   | Entered the Ecumenical Temple
 10237 | D:6      | Killed Duvessa
 10240 | D:6      | Killed Dowan
 10497 | D:11     | Found a staircase to the Lair.
 10791 | Temple   | Became a worshipper of Gozag Ym Sagoz the Greedy
 11050 | D:11     | Found a sparkling altar of Nemelex Xobeh.
 11099 | D:11     | Noticed a two-headed ogre
 11108 | D:11     | Killed a two-headed ogre
 11367 | Lair:1   | Entered Level 1 of the Lair of Beasts
 11408 | Lair:1   | Noticed Prince Ribbit
 11410 | Lair:1   | Noticed a six-headed hydra
 11731 | D:12     | Found Wiojirph's Magic Scroll Shop.
 11735 | D:12     | Bought a scroll of teleportation for 33 gold pieces
 11735 | D:12     | Bought a scroll of fear for 38 gold pieces
 11757 | D:12     | Found a staircase to the Orcish Mines.
 11867 | D:12     | Noticed a four-headed hydra
 11874 | D:12     | Killed a four-headed hydra
 12111 | D:12     | Found Axef's Jewellery Emporium.
 12186 | D:12     | Found Teteqory's Book Shoppe.
 12274 | D:12     | Noticed Jorgrun
 12344 | D:13     | Noticed a green ugly thing
 12351 | D:13     | Killed a green ugly thing
 12352 | D:13     | Reached skill level 11 in Unarmed Combat
 12401 | D:12     | Constricted to death by Jorgrun

Illustrated notes

Levels and vault maps discovered:
D:1:      dpeg_arrival_fog, layout_basic, ebering_ecumenical_altar_mist,
          hangedman_decor_lopped, kennysheep_decorative_pillar,
          minmay_misc_feat_room
D:2:      layout_rooms, basic_altar, serial_shops, nicolae_shop_trees
D:3:      corexii_shack_village, layout_basic, gup_sewer_entry_glass
D:4:      kennysheep_the_goblin_king, layout_basic, serial_forest,
          infiniplex_forest_lined_ring, infiniplex_forest_lined_3_way,
          infiniplex_forest_join, infiniplex_forest_clump_tiny,
          infiniplex_forest_lined_3_way, infiniplex_forest_lined_corner,
          serial_shops, nicolae_shop_overgrown_old_shop, uniq_edmund
D:5:      layout_gridville, gammafunk_ghost_cemetery, chequers_mini_garden
D:6:      nicolae_cairo_tiling_very_big, layout_basic,
          minmay_temple_entry_nine_rooms, serial_shops, shop, serial_undead,
          serial_undead_c, serial_undead_d, serial_undead_c, serial_undead_f,
          uniq_duvessa, uniq_sigmund
D:7:      layout_basic, cheibrodos_worm_habitat
D:8:      layout_loops_corners, mainiacjoe_overflow_24_doors, serial_shops,
          shop, minmay_misc_feat_chi, minmay_stone_trees_medium,
          nicolae_shop_dragon_depot, uniq_harold
D:9:      layout_basic
D:10:     layout_basic
D:11:     lemuel_ogre_cave, layout_irregular_city, lair_entry_dummy,
          nicolae_shop_unique_rings, nemelex_spade_bored_becter
D:12:     layout_loops_corners, zombieorc2_lemuel, serial_shops, shop,
          nicolae_shop_hallway_plus, nicolae_shop_stone,
          nicolae_shop_temple_entry_statues_fountains, nicolae_shop_statue_plus,
          uniq_maurice, uniq_jorgrun
D:13:     layout_cave_pools, lightli_vaults_fourway_checkpoint
Temple:   mainiacjoe_temple_big_plus
Lair:1:   layout_regular_city, gauntlet_entry_generic, gammafunk_ghost_grave,
          lemuel_fruit_tree, uniq_prince_ribbit2

Skill      XL: |  1  2  3  4  5  6  7  8  9 10 11 |
---------------+----------------------------------+-----
Transmutations | 3 4 5 8 9 |  9.2
Fighting       | 2 4 8 9 |  9.5
Unarmed Combat | 5 7 10 11 | 11.0
Dodging        | 2 6 7 |  7.4
Spellcasting   | 4 |  4.0
Evocations     | 5 |  5.0

Action                   |  1- 3 |  4- 6 |  7- 9 | 10-12 || total
-------------------------+-------+-------+-------+-------++-------
Melee: Unarmed           |   134 |   266 |   265 |   426 ||  1091
       Kick              |    21 |    18 |       |       ||    39
       Tailslap          |    10 |    21 |    22 |    24 ||    77
       Headbutt          |     9 |     5 |       |       ||    14
       Punch             |     3 |     7 |     4 |     7 ||    21
 Cast: Beastly Appendage |    13 |    17 |     1 |       ||    31
       Spider Form       |       |     4 |    18 |     8 ||    30
       Ice Form          |       |       |    12 |    23 ||    35
  Use: Scroll            |     2 |     5 |     6 |     5 ||    18
       Potion            |       |       |     1 |     2 ||     3
 Stab: Sleeping          |       |     1 |     1 |     1 ||     3
Armor: Skin              |    40 |    38 |    36 |    87 ||   201
Dodge: Dodged            |    86 |   163 |   184 |   258 ||   691
